Map: Catalyst LE

Players

lllllllllllI - Winner!

  • Race: Protoss Protoss
  • League: Master
  • Spawn Location: 5:00

Emil

  • Race: Zerg Zerg
  • League: Diamond
  • Spawn Location: 11:00

VOD

Have the link to the VOD?

Description

Time

  • Played on: Dec. 24, 2017, 5:06 p.m.
  • Length: 11:40
Show
View Real Time Build Order
Export as new Build Order

lllllllllllI Protoss - Winner!

Build Orders:  

Get SALT Encoding   

  12  0:00  Probe  
  13  0:12  Probe  
  14  0:25  Probe  
  15  0:37  Pylon  
  15  0:43  Pylon  
  15  0:59  Probe (Chrono Boost)  
  16  1:06  Forge  
  16  1:10  Probe  
  17  1:22  Probe  
  18  1:30  Gateway  
  18  1:39  Photon Cannon  
  18  1:43  Pylon  
  18  1:44  Probe  
  19  1:47  Assimilator  
  19  1:51  Assimilator  
  19  2:06  Nexus  
  19  2:10  Probe (Chrono Boost)  
  20  2:20  Probe (Chrono Boost)  
  20  2:25  Probe (Chrono Boost)  
  21  2:31  Pylon  
  22  2:37  Probe  
  22  2:49  Probe  
  23  2:53  Photon Cannon  
  23  3:00  Photon Cannon  
  23  3:01  Probe  
  24  3:13  Cybernetics Core  
  24  3:16  Probe  
  25  3:20  Probe  
  26  3:28  Probe (Chrono Boost)  
  27  3:36  Assimilator  
  27  3:38  Assimilator, Probe (Chrono Boost)  
  28  3:46  Probe (Chrono Boost)  
  30  3:49  Probe (Chrono Boost)  
  30  3:52  Probe (Chrono Boost)  
  30  3:53  Probe (Chrono Boost)  
  32  3:59  Pylon  
  32  4:02  Probe (Chrono Boost)  
  33  4:03  Probe (Chrono Boost)  
  34  4:14  Probe (Chrono Boost)  
  34  4:15  Probe (Chrono Boost)  
  36  4:21  Probe (Chrono Boost)  
  36  4:22  Probe (Chrono Boost)  
  38  4:30  Probe (Chrono Boost)  
  40  4:33  Probe (Chrono Boost)  
  40  4:37  Photon Cannon  
  40  4:39  Stargate  
  40  4:41  Stargate  
  40  4:50  Stargate  
  40  4:54  Probe  
  40  4:55  Probe  
  42  5:06  Probe  
  43  5:07  Probe  
  43  5:11  Pylon  
  44  5:18  Probe  
  44  5:19  Probe  
  46  5:26  Oracle x2  
  52  5:31  Pylon  
  52  5:35  Oracle  
  55  5:39  Pylon  
  55  5:44  Shield Battery  
  55  5:46  Photon Cannon  
  55  5:48  Pylon  
  55  6:03  Oracle  
  55  6:04  Oracle  
  61  6:12  Oracle  
  61  6:17  Pylon  
  64  6:21  Pylon  
  64  6:26  Photon Cannon  
  64  6:28  Shield Battery  
  64  6:35  Photon Cannon  
  64  6:37  Shield Battery  
  64  6:41  Oracle x2  
  70  6:49  Oracle  
  73  6:59  Photon Cannon  
  73  7:18  Oracle x2  
  79  7:26  Oracle  
  82  7:31  Shield Battery  
  82  7:34  Nexus  
  72  8:13  Probe  
  72  8:17  Assimilator  
  70  8:20  Void Ray x2  
  70  8:22  Assimilator  
  70  8:25  Probe, Pylon  
  64  9:08  Void Ray x2  
  68  9:24  Probe  
  69  9:36  Probe, Photon Cannon  
  69  9:37  Photon Cannon  
  70  9:40  Probe  
  71  9:52  Probe  
  60  10:02  Void Ray x2  
  65  10:29  Void Ray  
  69  10:55  Void Ray  
Show
View Real Time Build Order
Export as new Build Order

Emil Zerg 

Build Orders: Pool First, Swarm Host 

Get SALT Encoding   

  12  0:19  Spawning Pool  
  11  0:22  Drone  
  11  0:27  Drone  
  13  0:33  Drone  
  14  0:42  Overlord  
  14  1:06  Zergling x6  
  17  1:20  Hatchery  
  17  1:22  Zergling x2  
  17  1:34  Queen  
  19  1:44  Drone x2  
  21  1:50  Drone  
  21  1:53  Extractor  
  21  2:02  Drone  
  22  2:22  Overlord  
  22  2:30  Extractor  
  21  2:38  Drone  
  21  2:39  Drone x2, Queen  
  21  2:41  Queen  
  28  2:48  Drone  
  29  2:51  Drone  
  29  2:57  Drone  
  29  2:58  Drone  
  32  3:02  Drone  
  33  3:06  Drone  
  34  3:13  Overlord  
  34  3:21  Drone  
  34  3:22  Drone  
  36  3:33  Drone x3  
  39  3:38  Drone x2  
  41  3:46  Lair  
  41  3:47  Drone  
  43  3:48  Drone  
  43  3:53  Drone  
  43  3:54  Overlord  
  44  4:01  Roach Warren  
  43  4:05  Extractor  
  43  4:06  Extractor  
  43  4:09  Drone x3  
  44  4:18  Spine Crawler  
  43  4:35  Drone x7, Spore Crawler  
  49  4:44  Spore Crawler  
  48  4:49  Infestation Pit  
  47  4:54  Evolution Chamber  
  46  5:02  Evolution Chamber  
  46  5:07  Evolution Chamber, Nydus Network, Overseer  
  43  5:30  Swarm Host  
  43  5:31  Swarm Host x2  
  43  5:33  Overlord  
  52  5:52  Swarm Host  
  52  5:53  Swarm Host  
  58  6:02  Overlord x2  
  58  6:03  Overlord  
  58  6:04  Zerg Missile Weapons Level 1  
  58  6:12  Swarm Host, Spine Crawler  
  60  6:24  Swarm Host  
  60  6:25  Swarm Host x2  
  69  6:31  Nydus Canal  
  69  6:36  Drone x2  
  71  6:42  Spine Crawler  
  71  6:44  Overseer  
  68  7:09  Infestor  
  68  7:10  Infestor x3  
  70  7:21  Spore Crawler  
  70  7:22  Spore Crawler  
  68  7:30  Spore Crawler  
  68  7:31  Spore Crawler  
  66  8:05  Drone  
  67  8:06  Drone x8  
  75  8:16  Nydus Canal  
  75  8:23  Spore Crawler x2  
  75  8:24  Spore Crawler  
  45  9:06  Drone  
  45  9:07  Drone x6  
  52  9:23  Queen  
  54  9:25  Drone  
  51  10:07  Drone  
  51  10:08  Drone x2  
  39  10:36  Infestor  
  39  10:37  Infestor x2  
  26  10:58  Queen  
Tags
 
Composition
Swarm Host
Matchup
PvZ
Opening
Pool First
Spawn Locations
Cross Positions
Add a new tag
Caveats
  • Supply blocks, unpowered buildings, or Contaminate may cause inaccurate times.
  • Supply counts are checked every 10 seconds.